 Dungeon Crawl Stone Soup version 0.22.1-2-g9c5b331 (webtiles) character file.

1470 thomasnlv21 the Skirmisher (level 8, -1/80 HPs)
             Began as a Minotaur Berserker on Nov 18, 2018.
             Was a Priest of Trog.
             Succumbed to a killer bee's poison
             ... on level 8 of the Dungeon.
             The game lasted 00:16:39 (6179 turns).

thomasnlv21 the Skirmisher (Minotaur Berserker)     Turns: 6179, Time: 00:16:39

Health: -1/80      AC:  6    Str: 24    XL:     8   Next: 49%
Magic:  7/7        EV: 10    Int:  4    God:    Trog [***...]
Gold:   201        SH:  0    Dex: 10    Spells: 7/7 levels left

rFire    . . .     SeeInvis .   a - +0 hand axe
rCold    . . .     Gourm    +   (no shield)
rNeg     . . .     Faith    .   b - +0 chain mail
rPois    .         Spirit   .   (helmet restricted)
rElec    .         Reflect  .   (no cloak)
rCorr    .         Harm     .   (no gloves)
MR       +....                  (no boots)
Stlth    ..........             j - amulet of the gourmand
HPRegen  0.23/turn              (no ring)
MPRegen  0.10/turn              (no ring)

@: lethally poisoned (-1 -> -32)
A: retaliatory headbutt, horns 2, deformed body, magic resistance 1, robust 1
a: Berserk, Trog's Hand, Renounce Religion


You were on level 8 of the Dungeon.
You worshipped Trog.
Trog was most pleased with you.
You were completely stuffed.

You visited 2 branches of the dungeon, and saw 9 of its levels.

You collected 201 gold pieces.

Inventory:

Hand Weapons
 a - a +0 hand axe (weapon)
Armour
 b - a +0 chain mail (worn)
Jewellery
 e - an uncursed amulet of faith
 j - an amulet of the gourmand (around neck)
 s - an uncursed amulet of regeneration
Wands
 f - a wand of paralysis (2)
 n - a wand of digging (10)
 q - a wand of disintegration (11)
Scrolls
 h - a scroll of enchant armour
 i - 3 scrolls of identify
 k - a scroll of remove curse
 l - 2 scrolls of magic mapping
 p - a scroll of teleportation
Potions
 d - 2 potions of curing
 g - 2 potions of flight
 m - a potion of resistance
 o - a potion of agility
Comestibles
 c - 12 rations


   Skills:
 + Level 7.3 Fighting
 + Level 7.3 Axes
 + Level 6.7 Armour
 + Level 6.1 Dodging


You had 7 spell levels left.
You didn't know any spells.
Your spell library was empty.

Dungeon Overview and Level Annotations

Branches:
Dungeon (9/15)             Temple (1/1) D:5
   Lair: D:8-11         Orc: D:9-12

Altars:
Ashenzari
Cheibriados
Fedhas
Hepliaklqana
Kikubaaqudgha
Makhleb
Nemelex Xobeh
Okawaru
Qazlal
Ru
Trog
Vehumet
Wu Jian
Xom
Yredelemnul
Zin
The Shining One

Annotations:
D:3 2 transporters, emiel's ghost, amateur TeFE


Innate Abilities, Weirdness & Mutations

You reflexively headbutt those who attack you in melee.
You have a pair of horns on your head.
Armour fits poorly on your strangely shaped body.
You are resistant to hostile enchantments. (MR+)
You are robust. (+10% HP)


Message History

The killer bee barely misses you. The killer bee closely misses you.
The killer bee barely misses you. You furiously retaliate!
You headbutt the killer bee! The killer bee stings you.
* * * LOW HITPOINT WARNING * * *
The killer bee stings you.
* * * LOW HITPOINT WARNING * * *
The killer bee stings you.
* * * LOW HITPOINT WARNING * * *
The killer bee stings you.
* * * LOW HITPOINT WARNING * * *
You are more poisoned.
The killer bee poisons you!
Unknown command.
Unknown command.
You slash the killer bee!
You kill the killer bee!
Trog accepts your kill.
You hit the killer bee. You barely miss the killer bee.
You closely miss the killer bee.
You die...

#....# #....+
#####....#
.........#
...%.....#
.........#
......y.y+
.....)y@.####
#######.....#
#.....+
#.....#
#.....#
+.>...#
#.....#
#.....#
#....##


You could see 3 killer bees.

Vanquished Creatures
  Grinder (D:4)
  An ice beast (D:5)
  A black bear (D:6)
  A necrophage (D:5)
  3 centaurs (D:5)
  A bullfrog (D:6)
  A scorpion (D:4)
  2 killer bees (D:8)
  A howler monkey (D:6)
  A crimson imp (D:6)
  2 jellies (D:5)
  A bullfrog skeleton (D:4)
  An orc priest (D:3)
  A hound (D:4)
  4 orc wizards (D:5)
  A worker ant zombie (D:5)
  Robin (D:2)
  A howler monkey skeleton (D:4)
  5 adders
  2 shadow imps
  An adder zombie (D:3)
  An adder skeleton (D:4)
  2 worms
  A dart slug (D:2)
  A leopard gecko (D:5)
  20 orcs
  4 ball pythons
  8 giant cockroaches
  16 goblins
  9 hobgoblins
  13 jackals
  5 kobolds
  A quokka (D:3)
  A ball python skeleton (D:5)
  8 bats
  9 frilled lizards
  2 quokka skeletons (D:4)
  4 rats
138 creatures vanquished.

Notes
Turn   | Place    | Note
-------+----------+-------------------------------------------
     0 | D:1      | thomasnlv21 the Minotaur Berserker began the quest for the
                  | Orb.
     0 | D:1      | Reached XP level 1. HP: 19/19 MP: 0/0
   239 | D:1      | Reached XP level 2. HP: 20/27 MP: 1/1
   558 | D:1      | Gained mutation: Armour fits poorly on your strangely
                  | shaped body. [potion of mutation]
   558 | D:1      | Gained mutation: You are resistant to hostile enchantments.
                  | (MR+) [potion of mutation]
   558 | D:1      | Gained mutation: You are robust. (+10% HP) [potion of
                  | mutation]
   587 | D:1      | Reached ** piety under Trog
  1364 | D:2      | Reached XP level 3. HP: 28/36 MP: 2/2
  1838 | D:2      | Noticed Robin
  1842 | D:2      | Killed Robin
  1842 | D:2      | Reached XP level 4. HP: 38/45 MP: 3/3
  1862 | D:2      | Reached *** piety under Trog
  2780 | D:3      | Reached XP level 5. HP: 51/51 MP: 4/4
  2999 | D:3      | Found a transporter.
  3001 | D:3      | Noticed emiel's ghost (amateur TeFE)
  3002 | D:3      | Noticed an ogre
  3003 | D:3      | Noticed an ogre
  3028 | D:3      | Found a transporter.
  3340 | D:4      | Reached skill level 5 in Axes
  3381 | D:4      | Noticed Grinder
  3383 | D:4      | Paralysed by Grinder for 4 turns
  3395 | D:4      | Killed Grinder
  3395 | D:4      | Reached skill level 5 in Fighting
  3395 | D:4      | Reached XP level 6. HP: 61/61 MP: 5/5
  3665 | D:4      | Reached skill level 5 in Armour
  3665 | D:4      | Reached XP level 7. HP: 66/68 MP: 6/6
  3764 | D:4      | Found a burning altar of Makhleb.
  3896 | D:5      | Entered Level 5 of the Dungeon
  3939 | D:5      | Reached skill level 5 in Dodging
  4945 | D:5      | Found a staircase to the Ecumenical Temple.
  4952 | Temple   | Entered the Ecumenical Temple
  5098 | D:5      | Reached XP level 8. HP: 60/78 MP: 7/7
  6146 | D:6      | You fall through a shaft for 3 floors!
  6178 | D:8      | HP: 4/80 [killer bee (5)]
  6178 | D:8      | HP: 1/80 [killer bee (2)]
  6179 | D:8      | Succumbed to a killer bee's poison

Skill      XL: |  1  2  3  4  5  6  7  8 |
---------------+-------------------------+-----
Fighting       | 4 5 6 7 |  7.3
Axes           | 4 5 6 7 |  7.3
Armour         | 3 4 5 6 |  6.7
Dodging        | 3 4 5 6 |  6.1

Action                   |  1- 3 |  4- 6 |  7- 9 || total
-------------------------+-------+-------+-------++-------
Melee: Hand axe          |    72 |    88 |   108 ||   268
       Headbutt          |     9 |    17 |    18 ||    44
Invok: Berserk           |     1 |     2 |     3 ||     6
  Use: Potion            |     6 |     2 |     1 ||     9
       Scroll            |     3 |     4 |     2 ||     9
 Stab: Sleeping          |     1 |       |       ||     1
  Eat: Chunk             |     4 |    25 |    11 ||    40
Armor: Animal skin       |    11 |     4 |       ||    15
       Ring mail         |       |     8 |       ||     8
       Chain mail        |       |     2 |    45 ||    47
Dodge: Dodged            |    67 |    68 |    77 ||   212
